Unix NetHack Version 5.0.0-0 post-release - last build Jul 14 2026 02:55:29 (1809b74e8187c3a3585e283601c3028b46cbbdcb,branch:main).

Game began 2026-07-16 18:37:36, ended 2026-07-16 23:05:21.

BeardyHaddock, neutral male gnomish Archeologist

    ------------                                            ----......  ## *`
    |..........|    ####################################### |......... #*#*###
    |..........|     #---------------------------------# #  |.........**##  ##
    |..........|    ##|...-..|..|..|..-.......|..|..|.|# ###|........[##*# *##
    |..........|    ##|...| .|..|..|..|.......|..|..-.|# ###......>...##* *#*
    |...........######....-----|-)-----.......-|-----.|#   #.---..----#*# ## #
    |..<.......|    # |......[........................|#  `##        `#[* ###
    ------------    # |...--|-----|-.......--|-..-|--.|#             #*#  *##
                   ###|...|...|....|{......|..|..|..|.|#             ####  # #
                  ### |...|%!.|....|.....[.|..|..|..|.|#               #*  #
                 ###  |...|%%%|._..|.......----..----.|#              *## *##
                ##    |(..|.%.|[...|....{.....G.......|#              `## *`##
 ----------    ##     |...|----------.--------@------.*#            ###*#  `##
 |.......^|  ###      |...|(((.|..."|.|((((|.he|....-..# `          ###% *`###
 |.......%.####       |...-.(()|..).-.-..(!|...|["+.|..#*##*#       #.........
 |........|           |...|..((|....|.|.(((|...|.=..|..####*`########...*.....
 ----------           |...----------..---------------..#*##`#########.........
                      |................%...............##  ##########.........
                      ---------------------------------#`            .........

BeardyHaddock the Investigator  St:17 Dx:7 Co:14 In:19 Wi:15 Ch:14  Neutral
Dlvl:6  $:7  HP:0(48) Pw:46(46) AC:3  Xp:7 T:8969  Satiated

Latest messages:
 What do you want to drop? [$a-iknotuwxACFHIMO-QSUVZ or ?*] ?
 A pole sickle lands on the altar.
 k - an uncursed pole sickle.
 What do you want to drop? [$a-iknotuwxACFHIMO-QSUVZ or ?*] U
 A crystal helmet lands on the altar.
 U - an uncursed crystal helmet.
 There are several objects here.
 The large cat bites the priestess of Quetzalcoatl.
 The priestess of Quetzalcoatl casts a spell!
 The priestess of Quetzalcoatl looks better.
 The large cat bites the priestess of Quetzalcoatl.
 The priestess of Quetzalcoatl wields a mace!
 The large cat bites the priestess of Quetzalcoatl.
 The priestess of Quetzalcoatl swings her mace at the large cat.
 The priestess of Quetzalcoatl hits the large cat.
 The priestess of Quetzalcoatl hits the large cat.
 The air crackles around the priestess of Quetzalcoatl.
 The priestess of Quetzalcoatl casts a spell!
 The priestess of Quetzalcoatl looks better.
 This door is locked.
 Unlock it with your lock pick? [ynq] (q) y
 You succeed in picking the lock.
 The large cat bites the gnome king.
 The gnome king wields 3 rusty daggers!
 The door opens.
 The hobbit thrusts his dagger.
 The hobbit hits!
 You hit the floating eye!
 You are frozen by the floating eye's gaze!
 The large cat misses the gnome king.
 The hobbit thrusts his dagger.
 The hobbit hits!
 The hobbit thrusts his dagger.
 The hobbit hits!
 The hobbit thrusts his dagger.
 The hobbit hits!
 The hobbit thrusts his dagger.
 The hobbit hits!
 The large cat bites the gnome king.
 The gnome king thrusts one of his daggers at the large cat.
 The gnome king misses the large cat.
 The hobbit thrusts his dagger.
 The hobbit hits!
 The hobbit thrusts his dagger.
 The hobbit hits!
 The hobbit thrusts his dagger.
 The hobbit hits!
 You die...
 Do you want your possessions identified? [ynq] (y) y
 Do you want to see your attributes? [ynq] (y) q

Inventory:
 Coins    ('$')
  $ - 7 gold pieces
 Weapons  (')')
  a - a +2 bullwhip
  O - a +0 dwarvish mattock (weapon in hands)
  k - a +0 fauchard
 Armor    ('[')
  c - an uncursed +0 fedora (being worn)
  U - an uncursed +0 helm of brilliance
  i - an uncursed +0 pair of leather gloves (being worn)
  V - an uncursed +0 pair of low boots (being worn)
  b - an uncursed +4 leather jacket (being worn)
 Comestibles  ('%')
  d - 7 uncursed food rations
 Scrolls  ('?')
  S - an uncursed scroll of create monster
  o - an uncursed scroll of earth
  C - an uncursed scroll of genocide
  A - a blessed scroll of light
  t - an uncursed scroll of stinking cloud
  H - an uncursed scroll of teleportation
 Potions  ('!')
  x - a blessed potion of healing
  Z - an uncursed potion of healing
 Wands    ('/')
  n - a wand of cold (0:2)
  w - a wand of create monster (0:6)
  M - a wand of probing (0:6)
  Q - a wand of striking (0:1)
 Tools    ('(')
  h - an empty uncursed sack
  P - an uncursed leash
  I - an uncursed lock pick
  F - an uncursed oil lamp
  e - a +2 pick-axe
  u - an uncursed tin whistle
  f - a tinning kit (0:58)
 Gems/Stones  ('*')
  g - an uncursed touchstone

BeardyHaddock the Archeologist's attributes:

Background:
 You were an Investigator, a level 7 male gnomish Archeologist.
 You were neutral, on a mission for Camaxtli
 who was opposed by Quetzalcoatl (lawful) and Huhetotl (chaotic).
 You were right-handed.
 You were in the Gnomish Mines, on level 6.
 You entered the dungeon 8969 turns ago.
 It was nighttime.
 There was a new moon in effect when your adventure ended.
 You had 660 experience points, 620 more were needed to attain level 8.

Basics:
 You had 0 out of 48 hit points.
 You had all 46 energy points (spell power).
 Your armor class was 3.
 Your wallet contained 7 zorkmids.
 Autopickup was off.

Final Characteristics:
 Your strength was 17 (limit:18/50).
 Your dexterity was 7 (peak:8, limit:18).
 Your constitution was 14 (limit:18).
 Your intelligence was 19 (limit:19).
 Your wisdom was 15 (limit:18).
 Your charisma was 14 (limit:18).

Final Status:
 You were satiated.
 You were unencumbered.
 You were wielding a mattock.
 You were skilled in pick-axe.

Final Attributes:
 You were piously aligned.
 You were telepathic.
 You had automatic searching.
 You had infravision.
 You were stealthy.
 You were lucky.
 You are dead.

Miscellaneous:
 You encountered 1 bones level.
 Total elapsed playing time was 1 hour, 16 minutes and 59 seconds.

Major events:
 Turn
    1: BeardyHaddock the neutral male gnomish Archeologist entered the dungeon
  978: attained the rank of Field Worker (level 3)
 5919: entered the Gnomish Mines
 5933: attained the rank of Investigator (level 6)
 7597: reached Mine Town
 8969: killed by a hobbit, while frozen by a floating eye's gaze

Spells:
 Name                 Level Category     Fail Retention
 protection             1   clerical       0%   51%-75%
 levitation             4   escape       100%   51%-75%
 cause fear             3   enchantment   81%   51%-75%
 healing                1   healing        0%   51%-75%

Skills:
 Fighting Skills
   bare handed combat [Unskilled]
   two weapon combat  [Unskilled]
   riding             [Unskilled]
 Weapon Skills
   dagger             [Unskilled]
   knife              [Unskilled]
   pick-axe           [Skilled]
   short sword        [Unskilled]
   saber              [Unskilled]
   club               [Unskilled]
   quarterstaff       [Unskilled]
   sling              [Unskilled]
   dart               [Unskilled]
   boomerang          [Unskilled]
   whip               [Basic]
   unicorn horn       [Unskilled]
 Spellcasting Skills
   attack spells      [Unskilled]
   healing spells     [Unskilled]
   divination spells  [Unskilled]
   matter spells      [Unskilled]

Voluntary challenges:
 Character rerolling was not enabled.
 You never genocided any monsters.
 You never polymorphed an object.
 You used no wishes.
Achievements:
 You attained the rank of Field Worker.
 You entered a shop.
 You entered the Gnomish Mines.
 You attained the rank of Investigator.
 You entered Minetown.
 You entered a temple.

 The Dungeons of Doom: levels 1 to 5
    Level 1:
       An altar to Camaxtli, a fountain.
    Level 2:
       A general store, a fountain, a sink.
       Stairs down to The Gnomish Mines.
    Level 3:
       A general store, a sink.
    Level 4:
    Level 5:
       A fountain, some sinks.
 The Gnomish Mines: levels 3 to 6
    Level 3:
    Level 4:
    Level 5:
    Level 6: <- You were here.
       A general store, a temple and an altar, some fountains, a grave.
       Final resting place for
          you, killed by a hobbit, while frozen by a floating eye's gaze,
          nnnet-Wiz-Gno-Fem-Neu, killed by a small mimic.


Vanquished creatures:
  a ghost
  a large mimic
  2 leprechauns
 an iron piercer
  a gnome ruler
  a brown pudding
  a dog
  a housecat
  2 bugbears
  2 imps
  a mountain nymph
 an orc shaman
  a yellow light
  a shrieker
  2 violet fungi
  2 gnome leaders
  6 floating eyes
  a kitten
  4 dwarves
  2 homunculi
  2 kobold leaders
  6 rothes
  a centipede
  2 giant bats
  a monkey
  3 orc zombies
  2 wererats
  3 werejackals
  6 iguanas
  3 acid blobs
  4 coyotes
  a gas spore
  4 hobbits
  2 manes
  6 large kobolds
  a hobgoblin
  3 giant rats
  8 cave spiders
  a brown mold
  4 yellow molds
  a red mold
  6 gnomes
  5 geckos
 18 jackals
  5 foxes
  a kobold
  3 goblins
 12 grid bugs
  2 bats
  7 lichens
  2 kobold zombies
 14 newts
173 creatures vanquished.

No species were genocided or became extinct.

Game over:
                       ----------
                      /          \
                     /    REST    \
                    /      IN      \
                   /     PEACE      \
                  /                  \
                  |  BeardyHaddock   |
                  |       7 Au       |
                  |   killed by a    |
                  |      hobbit      |
                  |                  |
                  |                  |
                  |       2026       |
                 *|     *  *  *      | *
        _________)/\\_//(\/(/\)/\//\/|_)_______

Goodbye BeardyHaddock the Archeologist...

You died in The Gnomish Mines on dungeon level 6 with 2957 points,
and 7 pieces of gold, after 8969 moves.
You were level 7 with a maximum of 48 hit points when you died.

